 Dungeon Crawl Stone Soup version 0.30-a0-743-gbfdf073431 (webtiles) character file.

Game seed: 3355043647232592469

2725 boo the Cruncher (level 9, -7/56 HPs)
             Began as a Tengu Gladiator on Feb 7, 2023.
             Mangled by an ogre
             ... wielding a +0 giant spiked club
              (14 damage)
             ... on level 6 of the Dungeon.
             The game lasted 00:15:26 (6565 turns).

boo the Cruncher (Tengu Gladiator)                  Turns: 6565, Time: 00:15:27

Health: -7/56      AC:  7    Str: 16    XL:     9   Next: 67%
Magic:  10/10      EV: 24    Int:  8    God:
Gold:   372        SH:  0    Dex: 19    Spells: 8/8 levels left

rFire   . . .      SeeInvis .    a - +0 quarterstaff
rCold   + . .      Faith    .    (shield currently unavailable)
rNeg    . . .      Spirit   .    j - +2 leather armour {rC+}
rPois   .          Reflect  .    c - +0 hat
rElec   .          Harm     .    r - +0 cloak
rCorr   .          Rampage  .    t - +0 pair of gloves
Will    .....                    (boots unavailable)
Stlth   +                        (no amulet)
HPRegen 0.29/turn                g - +5 ring of evasion
MPRegen 0.12/turn                (no ring)

@: flying quickly and evasively, slowed, very slow
A: beak, talons 3, nimble flight
a: no special abilities


You were on level 6 of the Dungeon.
You visited 1 branch of the dungeon, and saw 6 of its levels.

You collected 372 gold pieces.

Inventory:

Hand Weapons
 a - a +0 quarterstaff (weapon)
 f - a +1 dagger of venom
Missiles
 d - a throwing net (quivered)
 e - a javelin
Armour
 c - a +0 hat (worn)
 j - a +2 leather armour of cold resistance (worn)
 r - a +0 cloak (worn)
 t - a +0 pair of gloves (worn)
Jewellery
 g - a +5 ring of evasion (left hand)
Scrolls
 b - a scroll of identify
 h - a scroll of fog
 m - 2 scrolls of blinking
 o - 2 scrolls of enchant weapon {unknown}
 p - 3 scrolls of teleportation {unknown}
 s - 2 scrolls of enchant armour {unknown}
 u - a scroll of fear {unknown}
Potions
 i - 3 potions of curing
 k - 2 potions of heal wounds
 l - 2 potions of haste
 n - a potion of magic
 q - 2 potions of might


   Skills:
 + Level 6.7 Fighting
 * Level 10.6 Staves
 - Level 2.0 Throwing
 + Level 7.8 Dodging


You had 8 spell levels left.
You didn't know any spells.
Your spell library contained the following spells:

 Spells                   Type           Power      Damage    Failure   Level
 Sting                    Tmut/Pois      0%         1d3       47%         1
 Cigotuvi's Dreadful Rot  Necr/Pois/Air  0%         N/A       63%         2
 Lesser Beckoning         Tloc           0%         N/A       63%         2
 Poisonous Vapours        Pois/Air       0%         N/A       63%         2
 Gell's Gravitas          Tloc           0%         N/A       85%         3
 Teleport Other           Tloc           0%         N/A       85%         3
 Dispel Undead            Necr           0%         3d6       99%         4
 Olgreb's Toxic Radiance  Pois           0%         N/A       99%         4
 Death Channel            Necr           0%         N/A       100%        6
 Dispersal                Tloc           0%         N/A       100%        6
 Ozocubu's Refrigeration  Ice            0%         4d7       100%        7
 Ignition                 Fire           0%         3d3       100%        8


Dungeon Overview and Level Annotations

Branches:
Dungeon (6/15)
 Temple: D:4-7

Altars:
Cheibriados
Fedhas
Gozag
Ru
Sif Muna
Xom
Zin
The Shining One

Shops:
D:3 **

Annotations:
D:5 exclusion: 2 downstairs


Innate Abilities, Weirdness & Mutations

You have a beak for a mouth.
You have claws for feet.
Your magical nature lets you fly swiftly and evasively.


Message History

The two-headed ogre completely misses you.
The two-headed ogre barely misses you.
You hit the two-headed ogre. You claw the two-headed ogre.
You kill the two-headed ogre!
Your Staves skill increases to level 10!
i - 3 potions of curing (gained 1)
You now have 372 gold pieces (gained 11).
A wraith is nearby!
A wraith is nearby!
A wraith is nearby!
No target in view!
The wraith completely misses you.
An ogre comes into view. It is wielding a +0 giant spiked club.
The ogre shouts!
You hit the wraith but do no damage. The wraith closely misses you.
You sock the wraith!
The wraith is heavily damaged.
The wraith hits you! The wraith drains your vigour!
You feel yourself slow down.
You hit the wraith. Your peck misses the wraith.
The wraith is severely damaged.
The wraith barely misses you.
You closely miss the wraith. You claw the wraith. Your peck misses the wraith.
The wraith is severely damaged.
The wraith completely misses you. The wraith attacks as you move away!
The wraith hits you! The wraith completely misses you.
You hit the wraith. Your kick misses the wraith. You peck the wraith.
The wraith is severely damaged.
The wraith hits you! The wraith drains your vigour!
You feel as though you will be slow longer.
You closely miss the wraith. You claw the wraith, but do no damage.
The wraith is severely damaged.
The wraith misses you.
The ogre hits you with a +0 giant spiked club!!
* * * LOW HITPOINT WARNING * * *
You sock the wraith!
You destroy the wraith!
The ogre hits you with a +0 giant spiked club!
You die...

..............!.......
......................
########..............
###..~.........$.
##....†...........
##.................
##...#.....#.....#.
###....#.###.#.###.#
##.....#..)..#..@..#
....#.....#....O#.....#
)...#.###.#.###.#.###.#
....#.....#.....#..
.#.....#.....#.....#
.#.###.#.###.#.###.#
.#.. .#.....#... .#
....#.....#.....# ..
###.#.###.#.###.# .


You could see an ogre.

Vanquished Creatures
  A two-headed ogre (D:6)
  Sigmund (D:2)
  A wraith (D:6)
  A water moccasin (D:5)
  Duvessa (D:5)
  2 black bears
  A sky beast (D:6)
  3 ogres
  An orc warrior (D:6)
  A phantom (D:4)
  A kobold brigand (D:5)
  3 scorpions
  A necrophage (D:5)
  Dowan (D:5)
  A water moccasin skeleton (D:3)
  2 hounds
  4 jellies (D:5)
  An orc priest (D:5)
  6 iguanas
  An orc wizard (D:6)
  A hound skeleton (D:3)
  Robin (D:2)
  5 gnolls
  8 adders
  An ufetubus (D:4)
  An adder skeleton (D:3)
  3 worms
  A dart slug (D:4)
  9 orcs
  8 ball pythons
  4 bats
  11 endoplasms
  3 giant cockroaches (D:3)
  10 goblins
  10 hobgoblins
  5 jackals
  17 kobolds
  3 quokkas
  3 frilled lizards
  8 rats
146 creatures vanquished.

Vanquished Creatures (others)
  An orc wizard (D:6)
  3 withered plants (D:3)
4 creatures vanquished.

Grand Total: 150 creatures vanquished

Notes
Turn   | Place    | Note
-------+----------+-------------------------------------------
     0 | D:1      | boo the Tengu Gladiator began the quest for the Orb.
     0 | D:1      | Reached XP level 1. HP: 12/12 MP: 2/2
   256 | D:1      | Reached XP level 2. HP: 17/17 MP: 3/3
   416 | D:1      | Found a faded altar of an unknown god.
   565 | D:1      | Reached XP level 3. HP: 22/22 MP: 4/4
   635 | D:1      | Reached skill level 4 in Staves
  1109 | D:2      | Noticed Robin
  1124 | D:2      | Killed Robin
  1130 | D:2      | Reached XP level 4. HP: 18/27 MP: 5/5
  1263 | D:2      | Noticed Sigmund
  1301 | D:2      | Killed Sigmund
  1302 | D:2      | Reached skill level 5 in Staves
  1302 | D:2      | Gained mutation: Your magical nature lets you fly swiftly
                  | and evasively. [Tengu growth]
  1302 | D:2      | Reached XP level 5. HP: 32/32 MP: 6/6
  1302 | D:2      | Reached XP level 6. HP: 37/37 MP: 7/7
  1519 | D:2      | Identified the +0 pair of boots of Quitweepp {Regen+ SInv}
  1875 | D:2      | Found a sacrificial altar of Ru.
  2204 | D:3      | Found Taihej's General Store.
  2294 | D:3      | Found Zin's Purification Station.
  2294 | D:3      | Found a glowing silver altar of Zin.
  2643 | D:3      | Reached skill level 6 in Staves
  2984 | D:4      | Identified the +8 mace of Courage {vamp, rF+}
  3055 | D:4      | Found a shimmering altar of Xom.
  3125 | D:4      | Reached skill level 5 in Dodging
  3125 | D:4      | Reached XP level 7. HP: 42/42 MP: 8/8
  3718 | D:4      | Reached skill level 7 in Staves
  4149 | D:5      | Entered Level 5 of the Dungeon
  4241 | D:5      | Reached XP level 8. HP: 21/48 MP: 9/9
  4446 | D:5      | Noticed Duvessa
  4447 | D:5      | Noticed Dowan
  4494 | D:5      | Killed Duvessa
  4495 | D:5      | Reached skill level 5 in Fighting
  4495 | D:5      | Reached skill level 8 in Staves
  5021 | D:5      | Found a blossoming altar of Fedhas.
  5168 | D:5      | Reached skill level 9 in Staves
  5210 | D:5      | Killed Dowan
  5335 | D:5      | Found an opulent altar of Gozag.
  5335 | D:5      | Found a glowing golden altar of the Shining One.
  5343 | D:5      | Found a snail-covered altar of Cheibriados.
  5345 | D:5      | Found a faded altar of an unknown god.
  5347 | D:5      | Found a faded altar of an unknown god.
  5616 | D:6      | Found a shimmering blue altar of Sif Muna.
  6115 | D:6      | Reached XP level 9. HP: 48/55 MP: 10/10
  6235 | D:6      | Noticed a two-headed ogre
  6538 | D:6      | Killed a two-headed ogre
  6539 | D:6      | Reached skill level 10 in Staves
  6565 | D:6      | Mangled by an ogre

Illustrated notes

Levels and vault maps discovered:
D:1:      mrwooster_arrival_arrow, layout_basic,
          hellmonk_ecumenical_altar_blasted, dreamdust_princess_corridor,
          minmay_heptomino_w4
D:2:      layout_loops_ring, basic_altar, uniq_sigmund, uniq_crazy_yiuf_cottage,
          uniq_robin
D:3:      layout_basic, zin_purify, serial_shops, shop, serial_undead,
          serial_undead_b, serial_undead_f, serial_undead_b, serial_undead_d
D:4:      layout_basic, mainiacjoe_overflow_alcove_1, minmay_quantized
D:5:      layout_basic, fedhas_altar_2, chequers_temple_overflow_minitemple,
          uniq_duvessa
D:6:      hangedman_cross_stitches, layout_basic, lemuel_crystal_altar,
          lemuel_round_altar, minmay_temple_entry_grid, minivault_24

Skill      XL: |  1  2  3  4  5  6  7  8  9 |
---------------+----------------------------+-----
Staves         | 4 5 6 7 9 10 | 10.6
Fighting       | 3 4 5 6 |  6.7
Dodging        | 4 5 6 7 |  7.8
Throwing       | |  2.0

Action                     |  1- 3 |  4- 6 |  7- 9 || total
---------------------------+-------+-------+-------++-------
  Melee: Quarterstaff      |    71 |   112 |   234 ||   417
         Kick              |    15 |    29 |    74 ||   118
         Peck              |     9 |    15 |    54 ||    78
  Throw: Throwing net      |       |     2 |     2 ||     4
    Use: Scroll            |     2 |     5 |     3 ||    10
         Potion            |     1 |       |     1 ||     2
   Stab: Held in net/web   |       |     3 |       ||     3
         Sleeping          |       |       |     1 ||     1
 Armour: Leather armour    |     6 |       |    12 ||    18
         Ring mail         |     6 |    15 |    15 ||    36
  Dodge: Dodged            |    57 |    85 |   198 ||   340

Table legend: (Time is in decaauts)
 A = Elapsed time spent in this place.
 B = Non-inter-level travel time spent in this place.
 C = Inter-level travel time spent in this place.
 D = Time resting spent in this place.
 E = Time spent auto-exploring this place.
 F = Levels seen in this place.
 G = Mean time per level.
                   A        B        C        D        E       F      G
               +--------+--------+--------+--------+--------+-----+--------+
         Total |   6189 |   6067 |    122 |   1307 |   3348 |   6 | 1031.5 |
       Dungeon |   6189 |   6067 |    122 |   1307 |   3348 |   6 | 1031.5 |
               +--------+--------+--------+--------+--------+-----+--------+

Top non-repeatable levels by time:
     D:5: 1783 daAuts
     D:4: 1094 daAuts
     D:1: 1055 daAuts
     D:3: 900 daAuts
     D:2: 880 daAuts
     D:6: 475 daAuts
